PAA
CASPER GHOSTS @ DURHAM RAPIERS
08/15/2023
 
TOP OF THE 1ST
Casper Ghosts batting - Pitching for Durham Rapiers : RHP Gustavo Pérez
Pitching: RHP Gustavo Pérez
Batting: RHB Henry Appleby 0-0: Ball
1-0: Ball
2-0: Ball
3-0: Called Strike
3-1: Base on Balls
Batting: RHB Raúl Ruíz 0-0: SINGLE (Flyball, 7S)
Henry Appleby to second
Batting: LHB Mysterious Walker 0-0: Foul Ball, location: 2F
0-1: Ball
1-1: Ball
2-1: Ball
3-1: Base on Balls
Henry Appleby to third
Raúl Ruíz to second
Batting: RHB Warner Robinson 0-0: Ball
1-0: Foul Ball, location: 2F
1-1: Ball
2-1: Ball
3-1: Swinging Strike
3-2: Base on Balls
Henry Appleby scores
Raúl Ruíz to third
Mysterious Walker to second
Batting: SHB José Juárez 0-0: Called Strike
0-1: SINGLE (Line Drive, 4M)
Raúl Ruíz scores
Mysterious Walker to third
Warner Robinson to second
Batting: RHB Mark Davis 0-0: Called Strike
0-1: Ball
1-1: Ball
2-1: Ball
3-1: Swinging Strike
3-2: SINGLE (Groundball, 34D)
Mysterious Walker scores
Warner Robinson to third
José Juárez to second
Batting: RHB Dave Young 0-0: Ball
1-0: Swinging Strike
1-1: Ball
2-1: Fly out, F3 (Popup, 3)
Batting: RHB Lorenzo Díaz 0-0: Called Strike
0-1: Swinging Strike
0-2: Foul Ball, location: 2F
0-2: Strikes out swinging
Batting: RHB Ron Coffman 0-0: Ball
1-0: Fly out, F8 (Line Drive, 8LM)
Top of the 1st over - 3 run(s), 3 hit(s), 0 error(s), 3 left on base; Casper 3 - Durham 0
BOTTOM OF THE 1ST
Durham Rapiers batting - Pitching for Casper Ghosts : LHP António Castillo
Pitching: LHP António Castillo
Batting: LHB Mayer Röhricht 0-0: Ball
1-0: Foul Ball, location: 2F
1-1: Called Strike
1-2: Ball
2-2: Foul Ball, location: 2F
2-2: Foul Ball, location: 2F
2-2: Foul Ball, location: 2F
2-2: DOUBLE (Groundball, 5L)
Batting: RHB Kevin Sanderson 0-0: Ball
1-0: Swinging Strike
1-1: Ball
2-1: Ball
3-1: Base on Balls
Batting: SHB Brent Adams 0-0: SINGLE (Line Drive, 89M)
Mayer Röhricht to third
Kevin Sanderson to second
Runner from 3rd tries for Home, throw and OUT!
Batting: RHB Augusto Flores 0-0: Ball
1-0: Called Strike
Kevin Sanderson steals 3rd base
Brent Adams to second
1-1: SINGLE (Line Drive, 56)
Kevin Sanderson scores
Brent Adams to third
Batting: RHB Caleb Lee 0-0: Fly out, F9 (Flyball, 89M)
Runner from 3rd tags up, SCORES, throw made
Batting: RHB Vincent Klein 0-0: Swinging Strike
0-1: Fly out, F3 (Line Drive, 34)
Bottom of the 1st over - 2 run(s), 3 hit(s), 0 error(s), 1 left on base; Casper 3 - Durham 2
TOP OF THE 2ND
Casper Ghosts batting - Pitching for Durham Rapiers : RHP Gustavo Pérez
Batting: RHB Henry Appleby 0-0: Ball
1-0: Ground out 6-3 (Groundball, 6M)
Batting: RHB Raúl Ruíz 0-0: Ball
1-0: Ground out 1-3 (Groundball, 23)
Batting: LHB Mysterious Walker 0-0: Ball
1-0: Fly out, F9 (Line Drive, 9M)
Top of the 2nd over - 0 run(s), 0 hit(s), 0 error(s), 0 left on base; Casper 3 - Durham 2
BOTTOM OF THE 2ND
Durham Rapiers batting - Pitching for Casper Ghosts : LHP António Castillo
Batting: LHB Davis Anderson 0-0: Called Strike
0-1: Ball
1-1: Ground out 4-3 (Groundball, 34)
Batting: RHB Jorge López 0-0: Ball
1-0: Ball
2-0: Fly out, F9 (Flyball, 9LM)
Batting: RHB António Díaz 0-0: Called Strike
0-1: Swinging Strike
0-2: Ball
1-2: Ball
2-2: Ball
3-2: Foul Ball, location: 2F
3-2: Foul Ball, location: 2F
3-2: Foul Ball, location: 2F
3-2: Fly out, F6 (Line Drive, 6)
Bottom of the 2nd over - 0 run(s), 0 hit(s), 0 error(s), 0 left on base; Casper 3 - Durham 2
TOP OF THE 3RD
Casper Ghosts batting - Pitching for Durham Rapiers : RHP Gustavo Pérez
Batting: RHB Warner Robinson 0-0: Ball
1-0: Ball
2-0: Called Strike
2-1: Foul Ball, location: 2F
2-2: Ball
3-2: Base on Balls
Batting: SHB José Juárez 0-0: Ball
1-0: Swinging Strike
1-1: Ball
2-1: Foul Ball, location: 2F
2-2: Strikes out swinging
Batting: RHB Mark Davis 0-0: Ball
1-0: Ball
2-0: Called Strike
2-1: Grounds into double play, 6-4-3 (Groundball, 6)
Top of the 3rd over - 0 run(s), 0 hit(s), 0 error(s), 0 left on base; Casper 3 - Durham 2
BOTTOM OF THE 3RD
Durham Rapiers batting - Pitching for Casper Ghosts : LHP António Castillo
Batting: LHB Mayer Röhricht 0-0: Fly out, F7 (Flyball, 7M)
Batting: RHB Kevin Sanderson 0-0: Ball
1-0: Called Strike
1-1: Ball
2-1: Ball
3-1: Base on Balls
Batting: SHB Brent Adams 0-0: Foul Ball, location: 2F
0-1: Foul Ball, location: 2F
0-2: Foul Ball, location: 2F
0-2: Ball
1-2: SINGLE (Line Drive, 4D)
Kevin Sanderson to second
Batting: RHB Augusto Flores 0-0: Called Strike
0-1: Ball
1-1: Ball
2-1: Fly out, F5 (Popup, 5F)
Batting: RHB Caleb Lee 0-0: SINGLE (Groundball, 34D)
Kevin Sanderson to third
Brent Adams to second
Runner from 3rd tries for Home, SAFE, no throw or cutoff
Batting: RHB Vincent Klein 0-0: Fly out, F4 (Popup, 3D)
Bottom of the 3rd over - 1 run(s), 2 hit(s), 0 error(s), 2 left on base; Casper 3 - Durham 3
TOP OF THE 4TH
Casper Ghosts batting - Pitching for Durham Rapiers : RHP Gustavo Pérez
Batting: RHB Dave Young 0-0: Foul Ball, location: 2F
0-1: Ball
1-1: Swinging Strike
1-2: Hit by Pitch
Batting: RHB Lorenzo Díaz 0-0: Called Strike
0-1: Swinging Strike
0-2: Foul Ball, location: 2F
0-2: Strikes out looking
Batting: RHB Ron Coffman 0-0: Ball
1-0: Swinging Strike
1-1: Ball
2-1: Foul Ball, location: 2F
2-2: Fly out, F9 (Popup, 3D)
Batting: RHB Henry Appleby Pickoff Throw to First - Out!
Top of the 4th over - 0 run(s), 0 hit(s), 0 error(s), 0 left on base; Casper 3 - Durham 3
BOTTOM OF THE 4TH
Durham Rapiers batting - Pitching for Casper Ghosts : LHP António Castillo
Batting: LHB Davis Anderson 0-0: Foul Ball, location: 2F
0-1: Ball
1-1: Foul Ball, location: 2F
1-2: Ball
2-2: Foul Ball, location: 2F
2-2: Ball
3-2: Strikes out looking
Batting: RHB Jorge López 0-0: Called Strike
0-1: Ball
1-1: Ball
2-1: Foul Ball, location: 2F
2-2: Ground out 3-1 (Groundball, 34S)
Batting: RHB António Díaz 0-0: Called Strike
0-1: Foul Ball, location: 2F
0-2: Ball
1-2: Foul Ball, location: 2F
1-2: SINGLE (Line Drive, 34D)
Batting: LHB Mayer Röhricht 0-0: Ball
1-0: Ball
2-0: Foul Ball, location: 2F
2-1: Ball
3-1: Base on Balls
António Díaz to second
Batting: RHB Kevin Sanderson 0-0: Called Strike
0-1: Foul Ball, location: 2F
0-2: Ball
1-2: Ball
2-2: Fly out, F9 (Flyball, 9M)
Bottom of the 4th over - 0 run(s), 1 hit(s), 0 error(s), 2 left on base; Casper 3 - Durham 3
TOP OF THE 5TH
Casper Ghosts batting - Pitching for Durham Rapiers : RHP Gustavo Pérez
Batting: RHB Henry Appleby 0-0: Called Strike
0-1: Ball
1-1: Called Strike
1-2: Strikes out swinging
Batting: RHB Raúl Ruíz 0-0: Ball
1-0: Ball
2-0: Ball
3-0: Called Strike
3-1: Called Strike
3-2: Base on Balls
Batting: LHB Mysterious Walker 0-0: Called Strike
0-1: Ball
1-1: Foul Ball, location: 2F
1-2: Ball
2-2: Strikes out swinging
Batting: RHB Warner Robinson 0-0: Called Strike
0-1: SINGLE (Line Drive, 4MD)
Raúl Ruíz to second
Batting: SHB José Juárez 0-0: Ball
1-0: Fielders Choice at 2nd, U4 (Groundball, 4M)
Top of the 5th over - 0 run(s), 1 hit(s), 0 error(s), 2 left on base; Casper 3 - Durham 3
BOTTOM OF THE 5TH
Durham Rapiers batting - Pitching for Casper Ghosts : LHP António Castillo
Batting: SHB Brent Adams 0-0: Called Strike
0-1: Foul Ball, location: 2F
0-2: Ball
1-2: Ball
2-2: Ball
3-2: Foul Ball, location: 2F
3-2: Foul Ball, location: 2F
3-2: Base on Balls
Batting: RHB Augusto Flores 0-0: Grounds into double play, 6-4-3 (Groundball, 6)
Batting: RHB Caleb Lee 0-0: Ball
1-0: Foul Ball, location: 2F
1-1: Foul Ball, location: 2F
1-2: Ball
2-2: Ground out 4-3 (Groundball, 4M)
Bottom of the 5th over - 0 run(s), 0 hit(s), 0 error(s), 0 left on base; Casper 3 - Durham 3
TOP OF THE 6TH
Casper Ghosts batting - Pitching for Durham Rapiers : RHP Gustavo Pérez
Batting: RHB Mark Davis 0-0: Swinging Strike
0-1: Called Strike
0-2: Strikes out swinging
Batting: RHB Dave Young 0-0: Ball
1-0: Called Strike
1-1: Foul Ball, location: 2F
1-2: Ball
2-2: Ball
3-2: Foul Ball, location: 2F
3-2: Foul Ball, location: 2F
3-2: Base on Balls
Batting: RHB Lorenzo Díaz 0-0: Called Strike
0-1: Ball
1-1: Foul Ball, location: 2F
1-2: Ball
2-2: Strikes out swinging
Batting: RHB Ron Coffman 0-0: Swinging Strike
0-1: Foul Ball, location: 2F
0-2: Strikes out swinging
Top of the 6th over - 0 run(s), 0 hit(s), 0 error(s), 1 left on base; Casper 3 - Durham 3
BOTTOM OF THE 6TH
Durham Rapiers batting - Pitching for Casper Ghosts : LHP António Castillo
Pitching: RHP Kyle Buckman
Batting: RHB Vincent Klein 0-0: Ball
1-0: Ground out 6-3 (Groundball, 6)
Batting: LHB Davis Anderson 0-0: Ball
1-0: Foul Ball, location: 2F
1-1: Ball
2-1: SINGLE (Line Drive, 4D)
Batting: RHB Jorge López 0-0: Ball
1-0: Ball
2-0: Ball
3-0: Called Strike
3-1: Base on Balls
Davis Anderson to second
Batting: RHB António Díaz 0-0: Called Strike
0-1: Called Strike
0-2: Ball
1-2: Ball
2-2: Hit by Pitch
Davis Anderson to third
Jorge López to second
Batting: LHB Mayer Röhricht 0-0: Called Strike
0-1: Ball
1-1: Ball
2-1: Ball
3-1: Foul Ball, location: 2F
3-2: Strikes out swinging
Batting: RHB Kevin Sanderson 0-0: Ball
1-0: Fly out, F2 (Popup, 23)
Bottom of the 6th over - 0 run(s), 1 hit(s), 0 error(s), 3 left on base; Casper 3 - Durham 3
TOP OF THE 7TH
Casper Ghosts batting - Pitching for Durham Rapiers : RHP Gustavo Pérez
Batting: RHB Henry Appleby 0-0: Ground out 4-3 (Groundball, 13)
Batting: RHB Raúl Ruíz 0-0: Ball
1-0: Fly out, F4 (Popup, 4MD)
Batting: LHB Mysterious Walker 0-0: SINGLE (Line Drive, 4M)
Batting: RHB Warner Robinson 0-0: Called Strike
0-1: Ball
1-1: Ball
Mysterious Walker steals 2nd base
2-1: Ball
3-1: Base on Balls
Pitching: LHP Henry Vandenberg
Batting: SHB José Juárez 0-0: Ball
1-0: Ball
2-0: Called Strike
2-1: Foul Ball, location: 2F
2-2: Foul Ball, location: 2F
2-2: Strikes out swinging
Top of the 7th over - 0 run(s), 1 hit(s), 0 error(s), 2 left on base; Casper 3 - Durham 3
BOTTOM OF THE 7TH
Durham Rapiers batting - Pitching for Casper Ghosts : RHP Kyle Buckman
Batting: SHB Brent Adams 0-0: Ball
1-0: Swinging Strike
1-1: Ball
2-1: Ball
3-1: Called Strike
3-2: Base on Balls
Batting: RHB Augusto Flores 0-0: Ball
1-0: Ball
2-0: Ball
3-0: Called Strike
3-1: Foul Ball, location: 2F
3-2: Base on Balls
Brent Adams to second
Batting: RHB Caleb Lee 0-0: Swinging Strike
0-1: Foul Ball, location: 2F
0-2: Foul Ball, location: 2F
0-2: Ball
1-2: Ball
2-2: Ball
3-2: DOUBLE (Groundball, 3L)
Brent Adams scores
Augusto Flores to third
Batting: RHB Vincent Klein 0-0: Ball
1-0: Called Strike
1-1: Foul Ball, location: 2F
1-2: SINGLE (Line Drive, 78S)
Augusto Flores scores
Caleb Lee to third
Runner from 3rd tries for Home, SAFE, no throw or cutoff
Pitching: LHP Jim Unknown
Batting: LHB Davis Anderson 0-0: Bunted foul
0-1: Ball
1-1: Bunted foul
1-2: Ball
2-2: Strikes out swinging
Batting: RHB Jorge López 0-0: Foul Ball, location: 2F
0-1: Ball
1-1: SINGLE (Line Drive, 7LS)
Vincent Klein to second
Batting: RHB António Díaz 0-0: Foul Ball, location: 2F
0-1: Ball
1-1: SINGLE (Groundball, 4MD)
Vincent Klein to third
Jorge López to second
Pinch Hitting: RHB Nick Reed 0-0: Called Strike
0-1: Ball
1-1: DOUBLE (Line Drive, 7LS)
Vincent Klein scores
Jorge López scores
António Díaz to third
Runner from 3rd tries for Home, SAFE, no throw or cutoff
Batting: RHB Kevin Sanderson 0-0: Called Strike
0-1: Called Strike
0-2: Ball
1-2: Ball
2-2: Strikes out looking
Batting: SHB Brent Adams 0-0: Ball
1-0: Ball
2-0: Ball
3-0: Base on Balls
Batting: RHB Augusto Flores 0-0: Swinging Strike
0-1: Ball
1-1: Ball
2-1: Swinging Strike
2-2: Foul Ball, location: 2F
2-2: Strikes out swinging
Bottom of the 7th over - 6 run(s), 5 hit(s), 0 error(s), 2 left on base; Casper 3 - Durham 9
TOP OF THE 8TH
Casper Ghosts batting - Pitching for Durham Rapiers : LHP Henry Vandenberg
Now in LF: Nick Reed
Batting: RHB Mark Davis 0-0: Foul Ball, location: 2F
0-1: Foul Ball, location: 2F
0-2: Strikes out swinging
Batting: RHB Dave Young 0-0: Fly out, F6 (Popup, 56D)
Batting: RHB Lorenzo Díaz 0-0: Foul Ball, location: 2F
0-1: Ground out 6-3 (Groundball, 6)
Top of the 8th over - 0 run(s), 0 hit(s), 0 error(s), 0 left on base; Casper 3 - Durham 9
BOTTOM OF THE 8TH
Durham Rapiers batting - Pitching for Casper Ghosts : LHP Jim Unknown
Batting: RHB Caleb Lee 0-0: Ball
1-0: Ball
2-0: Ball
3-0: Base on Balls
Batting: RHB Vincent Klein 0-0: Called Strike
0-1: Ball
1-1: Foul Ball, location: 2F
1-2: Foul Ball, location: 2F
1-2: Strikes out looking
Batting: LHB Davis Anderson 0-0: Ball
1-0: Ball
2-0: Ball
3-0: Called Strike
3-1: Base on Balls
Caleb Lee to second
Batting: RHB Jorge López 0-0: Ball
1-0: Ball
2-0: Ball
3-0: Called Strike
3-1: Grounds into double play, U5-3 (Groundball, 5L)
Bottom of the 8th over - 0 run(s), 0 hit(s), 0 error(s), 1 left on base; Casper 3 - Durham 9
TOP OF THE 9TH
Casper Ghosts batting - Pitching for Durham Rapiers : LHP Henry Vandenberg
Now at C: Luis Dávila
Batting: RHB Ron Coffman 0-0: Ball
1-0: Swinging Strike
1-1: Reached on error, E6 (Groundball, 6M)
Batting: RHB Henry Appleby 0-0: Called Strike
0-1: SINGLE (Line Drive, 6MD)
Ron Coffman to third
Batting: RHB Raúl Ruíz 0-0: Ball
1-0: Ball
2-0: 3-RUN HOME RUN (Line Drive, 78XD), Distance : 414 ft
Pitching: RHP Luis Cardona
Batting: LHB Mysterious Walker 0-0: Ball
1-0: Ball
2-0: Ball
3-0: Base on Balls
Batting: RHB Warner Robinson 0-0: Foul Ball, location: 2F
0-1: Fly out, F8 (Flyball, 8RM)
Batting: SHB José Juárez 0-0: Ball
1-0: Ball
2-0: Called Strike
2-1: 2-RUN HOME RUN (Flyball, 7D), Distance : 388 ft
Pinch Hitting: RHB Freddy Carea 0-0: Ball
1-0: Ball
2-0: Swinging Strike
2-1: Foul Ball, location: 2F
2-2: Strikes out swinging
Pinch Hitting: SHB Erjan Kerstens 0-0: SOLO HOME RUN (Flyball, 89XD), Distance : 429 ft
Pitching: LHP Jim Unknown
Batting: RHB Lorenzo Díaz 0-0: SINGLE (Line Drive, 4MD)
Batting: RHB Ron Coffman Pickoff Throw to First - Out!
Top of the 9th over - 6 run(s), 5 hit(s), 1 error(s), 0 left on base; Casper 9 - Durham 9
BOTTOM OF THE 9TH
Durham Rapiers batting - Pitching for Casper Ghosts : LHP Jim Unknown
Pitching: RHP Jim Unknown
Now at 3B: Roberto De La Cruz
Now in RF: Jim Unknown
Pinch Hitting: LHB Mitchell Hansen 0-0: Called Strike
0-1: Called Strike
0-2: Ground out 4-3 (Groundball, 4M)
Pinch Hitting: SHB Ray Dickey 0-0: Ball
1-0: Fly out, F9 (Flyball, 89M)
Batting: RHB Kevin Sanderson 0-0: Ball
1-0: Foul Ball, location: 2F
1-1: Fly out, F9 (Line Drive, 9M)
Bottom of the 9th over - 0 run(s), 0 hit(s), 0 error(s), 0 left on base; Casper 9 - Durham 9
TOP OF THE 10TH
Casper Ghosts batting - Pitching for Durham Rapiers : LHP Jim Unknown
Now at SS: Ramón Pérez
Now in LF: Barton McCann
Batting: RHB Ron Coffman 0-0: Ball
1-0: Ball
2-0: Swinging Strike
2-1: Ball
3-1: Swinging Strike
3-2: Strikes out swinging
Batting: RHB Henry Appleby 0-0: Ball
1-0: Called Strike
1-1: Ball
2-1: Foul Ball, location: 2F
2-2: Foul Ball, location: 2F
2-2: Ball
3-2: Fly out, F7 (Line Drive, 78M)
Batting: RHB Raúl Ruíz 0-0: Ball
1-0: Ground out 1-3 (Groundball, 13S)
Top of the 10th over - 0 run(s), 0 hit(s), 0 error(s), 0 left on base; Casper 9 - Durham 9
BOTTOM OF THE 10TH
Durham Rapiers batting - Pitching for Casper Ghosts : RHP Jim Unknown
Batting: SHB Brent Adams 0-0: Ball
1-0: SINGLE (Line Drive, 89S)
Batting: RHB Augusto Flores 0-0: Ball
1-0: Ball
2-0: Ball
3-0: Called Strike
3-1: Called Strike
3-2: Strikes out looking
Batting: RHB Caleb Lee 0-0: Foul Ball, location: 2F
0-1: Foul Ball, location: 2F
0-2: Ball
1-2: Strikes out swinging
Pinch Hitting: RHB Álex Hernández 0-0: Ball
1-0: Ball
2-0: Called Strike
2-1: Foul Ball, location: 2F
2-2: Foul Ball, location: 2F
2-2: Ball
3-2: Strikes out looking
Bottom of the 10th over - 0 run(s), 1 hit(s), 0 error(s), 1 left on base; Casper 9 - Durham 9
TOP OF THE 11TH
Casper Ghosts batting - Pitching for Durham Rapiers : LHP Jim Unknown
Now at C: Álex Hernández
Pinch Hitting: RHB Félix Ramos 0-0: Ball
1-0: Ball
2-0: Called Strike
2-1: Fly out, F6 (Popup, 6MS)
Batting: RHB Warner Robinson 0-0: Ball
1-0: Ball
2-0: Ball
3-0: Base on Balls
Batting: SHB José Juárez 0-0: Called Strike
0-1: Called Strike
0-2: Ball
1-2: Strikes out swinging
Pitching: RHP Pedro Figueroa
Pinch Hitting: LHB Kyle Mann 0-0: Ball
1-0: Called Strike
1-1: Ground out 1-3 (Groundball, 15)
Top of the 11th over - 0 run(s), 0 hit(s), 0 error(s), 1 left on base; Casper 9 - Durham 9
BOTTOM OF THE 11TH
Durham Rapiers batting - Pitching for Casper Ghosts : RHP Jim Unknown
Pitching: RHP Anthony Snyder
Now at SS: Félix Ramos
Now in CF: Kyle Mann
Batting: LHB Davis Anderson 0-0: Called Strike
0-1: Swinging Strike
0-2: Strikes out swinging
Batting: RHB Jorge López 0-0: Ball
1-0: Ball
2-0: Ground out 6-3 (Groundball, 6M)
Batting: LHB Barton McCann 0-0: Called Strike
0-1: Foul Ball, location: 2F
0-2: Ground out 4-3 (Groundball, 4M)
Bottom of the 11th over - 0 run(s), 0 hit(s), 0 error(s), 0 left on base; Casper 9 - Durham 9
TOP OF THE 12TH
Casper Ghosts batting - Pitching for Durham Rapiers : RHP Pedro Figueroa
Batting: RHB Jim Unknown 0-0: Ball
1-0: SINGLE (Groundball, 3D)
Batting: RHB Lorenzo Díaz 0-0: Sac Bunt - play at first, batter OUT! 1-4
Jim Unknown to second
Batting: RHB Ron Coffman 0-0: Intentional Walk
Batting: RHB Henry Appleby 0-0: Ball
1-0: Foul Ball, location: 2F
1-1: Ball
2-1: Ball
3-1: Base on Balls
Jim Unknown to third
Ron Coffman to second
Batting: RHB Raúl Ruíz 0-0: SINGLE (Groundball, 34) (infield hit)
Jim Unknown scores
Ron Coffman to third
Henry Appleby to second
Batting: RHB Félix Ramos 0-0: Ball
1-0: Grounds into double play, 5-2-3 (Groundball, 5S)
Top of the 12th over - 1 run(s), 2 hit(s), 0 error(s), 2 left on base; Casper 10 - Durham 9
BOTTOM OF THE 12TH
Durham Rapiers batting - Pitching for Casper Ghosts : RHP Anthony Snyder
Pinch Hitting: SHB Juan Blanco 0-0: Called Strike
0-1: Ball
1-1: Ball
2-1: Ball
3-1: Fly out, F9 (Flyball, 89M)
Batting: RHB Kevin Sanderson 0-0: Ball
1-0: Foul Ball, location: 2F
1-1: Ball
2-1: Ball
3-1: Foul Ball, location: 2F
3-2: SOLO HOME RUN (Flyball, 7D), Distance : 377 ft
Batting: SHB Brent Adams 0-0: Ball
1-0: Ground out 6-3 (Groundball, 56)
Batting: RHB Augusto Flores 0-0: Swinging Strike
0-1: Swinging Strike
0-2: Strikes out swinging
Bottom of the 12th over - 1 run(s), 1 hit(s), 0 error(s), 0 left on base; Casper 10 - Durham 10
TOP OF THE 13TH
Casper Ghosts batting - Pitching for Durham Rapiers : RHP Pedro Figueroa
Now at 3B: Juan Blanco
Batting: RHB Warner Robinson 0-0: Ball
1-0: Fly out, F8 (Flyball, 8RM)
Batting: SHB José Juárez 0-0: SINGLE (Groundball, 34D)
Batting: LHB Kyle Mann 0-0: Foul Ball, location: 2F
0-1: Foul Ball, location: 2F
0-2: Foul Ball, location: 2F
0-2: Ball
1-2: Fly out, F3 (Popup, 3SF)
Batting: RHB Jim Unknown 0-0: Ball
1-0: Called Strike
1-1: Swinging Strike
1-2: DOUBLE (Line Drive, 7LM)
José Juárez to third
Batting: RHB Lorenzo Díaz 0-0: Called Strike
0-1: SINGLE (Groundball, 5D)
José Juárez scores
Jim Unknown to third
Runner from 3rd tries for Home, SAFE, no throw or cutoff
Pitching: RHP Javier Hernández
Batting: RHB Ron Coffman 0-0: Called Strike
0-1: Called Strike
0-2: Ball
1-2: Strikes out looking
Top of the 13th over - 2 run(s), 3 hit(s), 0 error(s), 1 left on base; Casper 12 - Durham 10
BOTTOM OF THE 13TH
Durham Rapiers batting - Pitching for Casper Ghosts : RHP Anthony Snyder
Batting: RHB Caleb Lee 0-0: Ground out 4-3 (Groundball, 4)
Batting: RHB Álex Hernández 0-0: Swinging Strike
0-1: Foul Ball, location: 2F
0-2: Foul Ball, location: 2F
0-2: Ball
1-2: Strikes out swinging
Batting: LHB Davis Anderson 0-0: Ball
1-0: Ball
2-0: Ball
3-0: Called Strike
3-1: Swinging Strike
3-2: Base on Balls
Batting: RHB Jorge López 0-0: Ball
1-0: Fly out, F6 (Popup, 6MD)
Bottom of the 13th over - 0 run(s), 0 hit(s), 0 error(s), 1 left on base; Casper 12 - Durham 10
This league is powered by Out of the Park Baseball, the baseball management simulation game for PC, Mac and Linux
Friday, July 8th, 2016 - OOTP Baseball 16.9 Build 39